[Event "Late-Titled-Tuesday-Blitz-September-12-2023"]
[Site "Chess.com"]
[Date "2023.09.12"]
[Round "1"]
[White "GMJustin"]
[Black "BigAl"]
[Result "0-1"]
[WhiteElo "2241"]
[BlackElo "2544"]
[TimeControl "180+1"]
[EndTime "14:06:56 PDT"]
[Termination "BigAl won on time"]

1. d4 Nf6 2. c4 g6 3. Nc3 Bg7 4. e4 O-O 5. Be3 d6 6. f3 Nc6 7.
Bd3 Nh5 8. Nge2 e5 9. d5 Nd4 10.
Nb5 c5 11. dxc6 bxc6 12. Nbxd4 exd4 13. Bf2 Qa5+ 14. Qd2 Qxd2+ 15. Kxd2 c5 16. b4 f5 17. exf5 gxf5 18. b5 Re8 19. Rhe1 Bh6+ 20. Kc2 Be3 21. Ng3 Ng7 22. Bxe3 dxe3 23. f4 a6 24. a4 Kf7 25. b6 Kf6 26. a5 Bb7 27. Re2 d5 0-1

[Event "Late-Titled-Tuesday-Blitz-September-12-2023"]
[Site "Chess.com"]
[Date "2023.09.12"]
[Round "1"]
[White "tptagain"]
[Black "infinitegiantkiller"]
[Result "1-0"]
[WhiteElo "2937"]
[BlackElo "2469"]
[TimeControl "180+1"]
[EndTime "14:06:57 PDT"]
[Termination "tptagain won on time"]

1. Nf3 Nf6 2. b3 g6 3. Bb2 Bg7 4. g3 O-O 5. Bg2 b6 6. O-O Bb7 7. c4 c5 8. d4 cxd4 9. Qxd4 Nc6 10. Qc3 Rc8 11. Rd1 Qc7 12. Qe1 Rfd8 13. Nc3 Qb8 14.
e4 d6 15. Rab1 Nd7 16. h4 e6 17. Nb5 Bxb2 18. Rxb2 Nde5 19. Rbd2 Nxf3+ 20. Bxf3 Ne5 21. Bg2 Rc6 22. h5 a6 23. Nd4 Rcc8 24. Qe2 Qc7 25.
f4 Nc6 26. Nf3 Qe7 27. h6 Qf8 28. Qe3 b5 29. cxb5 axb5 30. f5 Ne5 31. Nxe5 dxe5 32.
fxe6 fxe6 33. Rf1 Qe7 34. Rdf2 Rf8 35. Bh3 Rxf2 36. Rxf2 Rf8 37. Rxf8+ Kxf8 38. Qb6 Bxe4 39. Bxe6 Qg5 40. Qd6+ Qe7 41. Qb8+ Qe8 42. Qxe5 1-0

[Event "Late-Titled-Tuesday-Blitz-September-12-2023"]
[Site "Chess.com"]
[Date "2023.09.12"]
[Round "1"]
[White "andrzej"]
[Black "econpower"]
[Result "0-1"]
[WhiteElo "2413"]
[BlackElo "2761"]
[TimeControl "180+1"]
[EndTime "14:06:57 PDT"]
[Termination "econpower won by resignation"]

1. e4 c5 2. Nf3 Nc6 3. d4 cxd4 4. Nxd4 Qb6 5. Nb3 Nf6 6. Nc3 e6 7. Bd3 Be7 8. Be3 Qc7 9. f4 d6 10. g4 a6 11. g5 Nd7 12. Qh5 g6 13. Qe2 b5 14.
O-O-O Bb7 15. Kb1 O-O-O 16. h4 Nc5 17. Qf2 Nb8 18. Rhe1 Nbd7 19. Nd4 b4 20. Nce2 Nxe4 21.
Bxe4 Bxe4 22. Nc1 Bb7 23. Qd2 d5 24. Nd3 Nb6 25. Bg1 Nc4 26. Qf2 Bd6 27. Nb3 a5 28.
Qa7 Bc6 29. Qa6+ Qb7 30. Qxb7+ Bxb7 31. Ne5 Nxe5 32. fxe5 Bc7 33. Bc5 h6 34. Nd4 Ba6 35.
Nc6 Rde8 36. Rd4 hxg5 37. hxg5 Kb7 38. Ne7 Bb6 39. Bxb6 Kxb6 40. Nxd5+ exd5 41. Rxd5 Rd8 42. Red1 Rxd5 43. Rxd5 Rh1+ 44. Rd1 0-1

[Event "Late-Titled-Tuesday-Blitz-September-12-2023"]
[Site "Chess.com"]
[Date "2023.09.12"]
[Round "1"]
[White "AleksandrAleksikov"]
[Black "VitorBronson"]
[Result "0-1"]
[WhiteElo "2269"]
[BlackElo "2564"]
[TimeControl "180+1"]
[EndTime "14:07:00 PDT"]
[Termination "VitorBronson won on time"]

1. e4 c5 2. Nf3 d6 3. d4 cxd4 4. Nxd4 Nf6 5. Nc3 a6 6. Bg5 e6 7. f4 Be7 8. Be2 O-O 9. Bf3 Bd7 10. e5 Ne8 11. Bxe7 Qxe7 12. Bxb7 Ra7 13. Bf3 dxe5 14. fxe5 Qc5 15. Nb3 Qxe5+ 16. Qe2 Qxe2+ 17. Kxe2 Nc7 18. Rad1 Nb5 19. Nxb5 axb5 20. a3 Bc6 21. Rd6 Bxf3+ 22.
Kxf3 Nd7 23. Re1 Rc8 24. c3 Kf8 25. Nd4 Rb7 26. Ra6 g6 27. g4 h6 28. h4 Rc5 29. Ra5 Ne5+ 30. Kg3 Nc4 31. Ra8+ Kg7 32. Re2 e5 33. Nf3 f5 34. h5 f4+ 35. Kf2 g5 36. b3 Ne3 37. c4 bxc4 38. b4 Rd5 39. Rxe3 fxe3+ 40. Kxe3 Rc7 41. Ke4 Rd8 42. Rxd8 c3 43. Rd1 c2 44. Rc1 Rc4+ 45. Kxe5 Rc3 46. Nxg5 hxg5 47. b5 Rb3 48. Rxc2 Rxb5+ 49. Ke6 Ra5 0-1

[Event "Late-Titled-Tuesday-Blitz-September-12-2023"]
[Site "Chess.com"]
[Date "2023.09.12"]
[Round "1"]
[White "pirulillo"]
[Black "DeTimmerman"]
[Result "0-1"]
[WhiteElo "2331"]
[BlackElo "2636"]
[TimeControl "180+1"]
[EndTime "14:07:01 PDT"]
[Termination "DeTimmerman won on time"]

1. e4 e5 2. Nf3 Nc6 3. Bc4 Nf6 4. d3 Be7 5. O-O O-O 6. Re1 d6 7. c3 Kh8 8. Nbd2 Ng8 9. b4 f5 10. a4 Qe8 11. exf5 Bxf5 12. d4 Bf6 13. b5 Na5 14. Bxg8 Rxg8 15. dxe5 dxe5 16. Ne4 Qg6 17. Qe2 Nb3 18. Rb1 Nc5 19. Nfd2 Rgd8 20. Rb4 Nd3 21. Ba3 Nxe1 22. Qxe1 Bxe4 23. Nxe4 Be7 24. f3 Bxb4 25. Bxb4 a6 26. h3 axb5 27. axb5 Qb6+ 28. Kh2 Qxb5 29. Qh4 Qe8 30. Be7 Rd7 31. Bg5 Qg6 32. Be3 h6 33.
Bf2 Ra2 34. Bg3 Rd1 35. Qe7 Raa1 36. Nf2 Re1 37. Qxc7 Re2 38. Qxb7 Raa2 0-1

[Event "Late-Titled-Tuesday-Blitz-September-12-2023"]
[Site "Chess.com"]
[Date "2023.09.12"]
[Round "1"]
[White "imdarealist"]
[Black "SONOFHOLYGOD"]
[Result "0-1"]
[WhiteElo "2308"]
[BlackElo "2617"]
[TimeControl "180+1"]
[EndTime "14:07:01 PDT"]
[Termination "SONOFHOLYGOD won on time"]

1. d4 Nf6 2. Bf4 d5 3. e3 g6 4. Nf3 Bg7 5. c4 O-O 6. Nc3 c5 7. dxc5 Qa5 8. cxd5 Ne4 9. Be5 Bxe5 10. Nxe5 Nxc3 11.
Qd2 Qxc5 12. bxc3 Nd7 13. Nxd7 Bxd7 14. Be2 Rac8 15. c4 b5 16. Rc1 Rfd8 17. O-O b4 18. Qd4 Qa5 19. Qd2 e6 20. e4 Qc5 21. Kh1 a5 22.
Rb1 Rb8 23. Rb2 Bc8 24. Rfb1 Ba6 25. a3 Bxc4 26. Rc2 exd5 27. exd5 Qxd5 28. Qxd5 Bxd5 29. axb4 Be4 30. Rcb2 Bxb1 31. Rxb1 Rxb4 32. Ra1 a4 33. h4 Rd2 34. Bf3 Rxf2 35. h5 gxh5 0-1

[Event "Late-Titled-Tuesday-Blitz-September-12-2023"]
[Site "Chess.com"]
[Date "2023.09.12"]
[Round "1"]
[White "SalihEke"]
[Black "kaponerde"]
[Result "0-1"]
[WhiteElo "2506"]
[BlackElo "2242"]
[TimeControl "180+1"]
[EndTime "14:07:01 PDT"]
[Termination "kaponerde won on time"]

1. d4 Nf6 2. Nf3 g6 3. Bf4 Bg7 4. h3 O-O 5. e3 d6 6. Nbd2 Nc6 7. Be2 Nd7 8. O-O e5 9. Bg3 exd4 10. exd4 Nxd4 11. Nxd4 Bxd4 12. c3 Bg7 13. Bf3 Ne5 14.
Bd5 Be6 15. Bxb7 Rb8 16. Be4 Rxb2 17. Nb3 d5 18. Bc2 Nc4 19. Nd4 Rb6 20. a4 c5 21.
Nb5 Rb7 22. Na3 Bxc3 23. Nxc4 dxc4 24. Rc1 Bd2 25. Rb1 Rb4 26. Qe2 c3 27. Rfd1 Qf6 28.
Be5 Qg5 29. Kf1 Re8 0-1

[Event "Late-Titled-Tuesday-Blitz-September-12-2023"]
[Site "Chess.com"]
[Date "2023.09.12"]
[Round "1"]
[White "The_Princess_Moon"]
[Black "ozates"]
[Result "0-1"]
[WhiteElo "2265"]
[BlackElo "2563"]
[TimeControl "180+1"]
[EndTime "14:07:02 PDT"]
[Termination "ozates won by checkmate"]

1. e4 e5 2. Nf3 Nc6 3. Nc3 Nf6 4. Bb5 Bd6 5. O-O O-O 6. d3 h6 7. h3 Re8 8. Be3 Ne7 9. Bc4 Ng6 10. Ne2 c6 11.
Nh2 Bc7 12. f4 d5 13. exd5 exf4 14. Bxf4 Bb6+ 15. Kh1 Nh5 16. dxc6 Ngxf4 17. Rxf4 Nxf4 18. Nxf4 bxc6 19. Qh5 Qf6 20. Rf1 Re5 21. Bxf7+ Kh7 22. Qg6+ Qxg6 23. Bxg6+ Kg8 24. Nf3 Re7 25. Be4 Bb7 26.
Ng6 Re6 27. Nfh4 Rae8 28. Nf5 Rxg6 29. Ne7+ Rxe7 30. Bxg6 c5 31. Kh2 Bc7+ 32. Kg1 Re2 33. Rf2 Re1+ 34. Rf1 Bh2+ 35. Kf2 Bg3+ 36. Kg1 Re2 37. d4 Rxg2+ 38. Kh1 Rh2+ 39. Kg1 Rh1# 0-1

[Event "Late-Titled-Tuesday-Blitz-September-12-2023"]
[Site "Chess.com"]
[Date "2023.09.12"]
[Round "1"]
[White "tteshan"]
[Black "ritanovikova"]
[Result "1-0"]
[WhiteElo "2526"]
[BlackElo "2127"]
[TimeControl "180+1"]
[EndTime "14:07:03 PDT"]
[Termination "tteshan won on time"]

1. d4 g6 2. e4 Bg7 3. Nc3 d6 4. Be3 c6 5. Qd2 b5 6. O-O-O Bb7 7. Kb1 a5 8. h4 Nf6 9. f3 h5 10. Nh3 a4 11. Ng5 Qa5 12. e5 Nfd7 13. e6 fxe6 14. Nxe6 Bf6 15. Bd3 Rg8 16. Ne4 Qxd2 17. Bxd2 Na6 18. Rde1 Kf7 19. N6g5+ Bxg5 20. Nxg5+ Ke8 21.
Re6 Nf8 22. Re2 Kd7 23. Rhe1 Re8 24. Ne6 Nxe6 25. Rxe6 Nc7 26. Rxg6 Rxg6 27. Bxg6 Rg8 28. Bxh5 Rxg2 29. Bg4+ Kd8 30. Bg5 Nd5 31. h5 Bc8 32. h6 Bxg4 33. fxg4 Rh2 34. Bc1 Nb4 35. g5 Nxc2 36.
Rg1 Nxd4 37. g6 a3 38. g7 axb2 39. g8=Q+ Kc7 40. Bxb2 Ne2 41. Re1 1-0

[Event "Late-Titled-Tuesday-Blitz-September-12-2023"]
[Site "Chess.com"]
[Date "2023.09.12"]
[Round "1"]
[White "ljuks68"]
[Black "Skagoogle"]
[Result "1-0"]
[WhiteElo "2448"]
[BlackElo "2778"]
[TimeControl "180+1"]
[EndTime "14:07:05 PDT"]
[Termination "ljuks68 won by resignation"]

1. e4 c5 2. Nf3 d6 3. d4 cxd4 4. Nxd4 Nf6 5. Nc3 a6 6. Bg5 e6 7. f4 Be7 8. Qf3 Qc7 9. O-O-O Nbd7 10. g4 b5 11. Bxf6 Nxf6 12. g5 Nd7 13. f5 Nc5 14. f6 gxf6 15. gxf6 Bf8 16. Rg1 Bb7 17. Bh3 O-O-O 18.
Kb1 Kb8 19. a3 h5 20. Rde1 Bh6 21. Rd1 h4 22. Bg2 Qb6 23. Bh1 b4 24. axb4 Qxb4 25. Qe2 Rc8 26. Rg4 Qb6 27. Rxh4 Bg5 28. Rxh8 Rxh8 29.
e5 d5 30. Rg1 Bf4 31. Nf3 Nd7 32. Rg7 Nxe5 33. Nxe5 Qd4 34. Ng4 a5 35. Rxf7 e5 36.
Qb5 Qg1+ 37. Ka2 Qa7 38. Bxd5 1-0

[Event "Late-Titled-Tuesday-Blitz-September-12-2023"]
[Site "Chess.com"]
[Date "2023.09.12"]
[Round "1"]
[White "TanitoluwaAps116"]
[Black "ArturoCaceres"]
[Result "0-1"]
[WhiteElo "2716"]
[BlackElo "2427"]
[TimeControl "180+1"]
[EndTime "14:07:05 PDT"]
[Termination "ArturoCaceres won by checkmate"]

1. e4 c5 2. Nf3 g6 3. c3 Bg7 4. d4 cxd4 5. cxd4 d5 6. e5 Bg4 7.
Bb5+ Nd7 8. h3 Bxf3 9. Qxf3 e6 10. Nc3 a6 11. Ba4 b5 12. Bb3 Nb6 13. a4 b4 14. a5 Nc4 15. Bxc4 bxc3 16. Bb3 cxb2 17. Ba4+ Kf8 18. Bxb2 f5 19. exf6 Nxf6 20. O-O Kf7 21. Rfe1 Rb8 22. Ba3 Bf8 23. Qe2 Bxa3 24. Qxe6+ Kg7 25.
Rxa3 Rf8 26. Qxa6 Rb2 27. Qe6 Ne4 28. Qe5+ Kh6 29. f3 Qh4 30. Rf1 Rf5 31. Qe8 Rxg2+ 32. Kxg2 Qg3+ 33. Kh1 Qxh3+ 34. Kg1 Rg5# 0-1

[Event "Late-Titled-Tuesday-Blitz-September-12-2023"]
[Site "Chess.com"]
[Date "2023.09.12"]
[Round "1"]
[White "traack"]
[Black "RaphaeI"]
[Result "0-1"]
[WhiteElo "2347"]
[BlackElo "2655"]
[TimeControl "180+1"]
[EndTime "14:07:05 PDT"]
[Termination "RaphaeI won by resignation"]

1. e4 e5 2. Nf3 Nc6 3. Nc3 Nf6 4.
a3 d5 5. Bb5 Nxe4 6. Qe2 Nxc3 7. dxc3 Bd6 8. Nxe5 O-O 9. Nxc6 bxc6 10. Bxc6 Rb8 11.
O-O Bxh2+ 12. Kxh2 Qd6+ 13. Kg1 Qxc6 14. Qf3 Qg6 15. Bf4 Rxb2 16. Bxc7 Bf5 17. Qg3 Rxc2 18. Qxg6 Bxg6 19. Rfc1 f6 20. Rxc2 Bxc2 21. Rc1 Rc8 22. Ba5 Bf5 23. f3 d4 24. Kf2 Rc4 25. Bb4 h5 26.
Ke2 h4 27. Kd2 d3 28. Re1 g5 29. Re8+ Kf7 30. Re7+ Kg6 31. Rxa7 g4 32. fxg4 Rxg4 33. Ra8 Rxg2+ 34. Ke3 h3 35. Rg8+ Kf7 36. Rxg2 hxg2 37. Kf2 d2 38. c4 d1=Q 0-1

[Event "Late-Titled-Tuesday-Blitz-September-12-2023"]
[Site "Chess.com"]
[Date "2023.09.12"]
[Round "1"]
[White "enestnrvrd"]
[Black "leschebaza"]
[Result "1-0"]
[WhiteElo "2727"]
[BlackElo "2398"]
[TimeControl "180+1"]
[EndTime "14:07:07 PDT"]
[Termination "enestnrvrd won by checkmate"]

1. Nf3 Nf6 2. c4 g6 3. Nc3 Bg7 4. g3 O-O 5. Bg2 d6 6. O-O c5 7. d4 Nc6 8. dxc5 dxc5 9. Bf4 Bf5 10. Ne5 Nxe5 11. Bxe5 Qc8 12. Qb3 b6 13. Bxa8 Qxa8 14. f3 h5 15. Rfd1 h4 16. e4 Be6 17.
Nd5 hxg3 18. hxg3 Bxd5 19. cxd5 Nh5 20. Bxg7 Kxg7 21. f4 Qc8 22. Kg2 Qg4 23. Qf3 Qd7 24. Rh1 a5 25. g4 Nf6 26. g5 Nh5 27. Rh4 Rh8 28. Rah1 a4 29. f5 Qb5 30. f6+ exf6 31. gxf6+ Kg8 32. b3 axb3 33. axb3 Qb4 34. Qe3 Qa3 35.
Rf1 Qb2+ 36. Rf2 Qe5 37. Qh3 Qg5+ 38. Qg4 Qe5 39. Qf3 Qg5+ 40. Rg4 Qe5 41. Qe3 Nxf6 42. Qf4 Nxg4 43. Qxf7# 1-0

[Event "Late-Titled-Tuesday-Blitz-September-12-2023"]
[Site "Chess.com"]
[Date "2023.09.12"]
[Round "1"]
[White "AndreiITrifan"]
[Black "Good_Knight_Kiss"]
[Result "1-0"]
[WhiteElo "2653"]
[BlackElo "2348"]
[TimeControl "180+1"]
[EndTime "14:07:07 PDT"]
[Termination "AndreiITrifan won on time"]

1. Nf3 Nf6 2. e3 g6 3. b3 Bg7 4. Bb2 d6 5. d4 O-O 6. Be2 e5 7.
dxe5 Ng4 8. O-O Nc6 9. c4 dxe5 10. h3 Nh6 11. Nc3 e4 12. Nd2 f5 13. a3 Nf7 14.
Qc2 Be6 15. Rad1 Qe7 16. Nd5 Bxd5 17. Bxg7 Kxg7 18. cxd5 Nce5 19. Nc4 Nxc4 20. Qxc4 Rad8 21. Qd4+ Qe5 22. Qxa7 b6 23. d6 cxd6 24. Qxb6 Rb8 25. Qd4 Qxd4 26. Rxd4 Rxb3 27. Ra1 Rfb8 28. a4 Rb1+ 29.
Rd1 Rxd1+ 30. Bxd1 Ra8 31. a5 Kf6 32. Bb3 Ne5 33.
a6 Ra7 34. Bd5 Nd7 35. f4 Nc5 36. Bc4 h6 37. g4 g5 38. gxf5 1-0

[Event "Late-Titled-Tuesday-Blitz-September-12-2023"]
[Site "Chess.com"]
[Date "2023.09.12"]
[Round "1"]
[White "GoltsevDmitry2000"]
[Black "Al_Shima"]
[Result "0-1"]
[WhiteElo "2628"]
[BlackElo "2361"]
[TimeControl "180+1"]
[EndTime "14:07:08 PDT"]
[Termination "Al_Shima won by checkmate"]

1. e4 d5 2. exd5 Nf6 3. Nf3 Nxd5 4. d4 Bf5 5. c4 Nb4 6. Na3 e6 7. Be2 Be7 8. O-O O-O 9. Bf4 a6 10. Ne5 N8c6 11. Nxc6 Nxc6 12. d5 Nb4 13. Bf3 Bf6 14. Qd2 c5 15. Be3 Qb6 16. g4 Bg6 17.
g5 Be5 18. Be2 Rad8 19. f4 Bb8 20. Qc1 Rfe8 21. h4 Ba7 22. h5 Be4 23. dxe6 Qxe6 24. Kh2 Bd3 25. Rf3 Bxe2 26. Rg3 Bxh5 27. Nc2 Nxc2 28.
Qxc2 Bg6 29. Qf2 Bf5 30. b3 b6 31. Re1 Qg6 32. Qb2 a5 33. Kg1 Bb8 34. Kg2 Bc7 35. Kf2 Re4 36. Rh1 Bxf4 37. Bxf4 Rxf4+ 38. Kg2 Be4+ 39. Kh2 Rh4+ 40. Kg1 Rxh1+ 41. Kf2 Rh2+ 42. Ke3 Rd3+ 43. Kf4 Qf5# 0-1

[Event "Late-Titled-Tuesday-Blitz-September-12-2023"]
[Site "Chess.com"]
[Date "2023.09.12"]
[Round "1"]
[White "MusicCityMaster"]
[Black "AlexOstrovskiy"]
[Result "1-0"]
[WhiteElo "2377"]
[BlackElo "2642"]
[TimeControl "180+1"]
[EndTime "14:07:09 PDT"]
[Termination "MusicCityMaster won by resignation"]

1. e4 d5 2. exd5 Nf6 3. d4 Bg4 4. f3 Bf5 5. Bb5+ Nbd7 6. c4 e6 7. Nc3 exd5 8. cxd5 a6 9. Bd3 Bxd3 10. Qxd3 Bd6 11. Nge2 O-O 12. O-O Nb6 13. Bg5 Be7 14. Nf4 h6 15. Bxf6 Bxf6 16. a4 Qd6 17. Nh5 Be7 18.
Qe4 Rfe8 19. a5 Nd7 20. Qg4 Bf6 21. Rad1 g6 22. Ne4 Qe7 23. Qxd7 gxh5 24. Qf5 Bg7 25. Qxh5 Qb4 26. Qg4 Kf8 27. Nc5 Rad8 28. Kh1 Qb5 29. Rfe1 Rxe1+ 30. Rxe1 b6 31. Ne4 Qxd5 32. Qf4 Qxd4 33.
Qxc7 bxa5 34. h3 Qd2 35. Nxd2 1-0

[Event "Late-Titled-Tuesday-Blitz-September-12-2023"]
[Site "Chess.com"]
[Date "2023.09.12"]
[Round "1"]
[White "Herman-NY"]
[Black "Verony64"]
[Result "0-1"]
[WhiteElo "2527"]
[BlackElo "2270"]
[TimeControl "180+1"]
[EndTime "14:07:09 PDT"]
[Termination "Verony64 won on time"]

1. e4 e5 2. Nf3 d6 3. d4 Nd7 4. Bc4 c6 5. O-O Be7 6. a4 Ngf6 7. Re1 O-O 8. a5 Qc7 9. c3 Rb8 10. Nbd2 b5 11. axb6 axb6 12. Nf1 b5 13. Bd3 g6 14.
Bh6 Re8 15. h3 Bf8 16. Qd2 Nh5 17. Bxf8 Nxf8 18. Ng3 Nf4 19. Bf1 h5 20. b4 Nh7 21.
Ne2 g5 22. Nxf4 gxf4 23. c4 Qe7 24. c5 f6 25. dxe5 dxe5 26. Red1 Qg7 27. Kh1 Be6 28. Qd6 Rbc8 29. Ra6 Ng5 30. Nxg5 Qxg5 31. Rxc6 Rcd8 32.
Qxd8 Rxd8 33. Rxd8+ Kf7 34. Rc7+ Kg6 35. Bxb5 f3 36.
Be8+ Kh6 37. gxf3 Bxh3 0-1

[Event "Late-Titled-Tuesday-Blitz-September-12-2023"]
[Site "Chess.com"]
[Date "2023.09.12"]
[Round "1"]
[White "Andrej2004"]
[Black "Harald_Schmidt"]
[Result "1/2-1/2"]
[WhiteElo "2549"]
[BlackElo "2267"]
[TimeControl "180+1"]
[EndTime "14:07:12 PDT"]
[Termination "Game drawn by repetition"]

1. Nf3 d5 2. b3 Nc6 3. Bb2 Bg4 4. c4 d4 5. d3 e5 6. Nbd2 Nf6 7. g3 Bb4 8. Bg2 e4 9. dxe4 Nxe4 10. O-O Nxd2 11.
Nxd2 O-O 12. h3 Bh5 13. Nf3 Re8 14. g4 Bg6 15. Nxd4 Nxd4 16. Qxd4 Qxd4 17. Bxd4 c6 18. e3 a5 19. Rfd1 Bc2 20. Rdc1 Bg6 21. Bb2 Be7 22. Rd1 Red8 23. Bf3 h6 24. Rxd8+ Rxd8 25. Rd1 Rxd1+ 26. Bxd1 b5 27. cxb5 cxb5 28. a3 b4 29. axb4 Bxb4 30. Kg2 f5 31. f4 fxg4 32. hxg4 Be4+ 33.
Bf3 Bc2 34. Bd5+ Kf8 35. Kf3 Bd1+ 36. Kg3 Be1+ 37. Kh3 h5 38. g5 g6 39. Kg2 Be2 40.
Bf3 Bd3 41. Bd1 Be4+ 42. Bf3 Bc2 43. Bd5 Bd1 44. Kf1 Bd2 45. Kf2 h4 46. Bd4 Bg4 47.
Be4 h3 48. Kg3 Be6 49. Bxg6 Bxb3 50. Kxh3 a4 51. Bc5+ Kg7 52. f5 Bc1 53. Kg4 a3 54. Kh5 Bd1+ 55. Kh4 Bb2 56. Bxa3 Bxa3 57. e4 Bc5 58. e5 Bf2+ 59. Kh3 Be3 60. Kh4 Bf2+ 61. Kh3 Be3 62. Kh4 Bf2+ 1/2-1/2

[Event "Late-Titled-Tuesday-Blitz-September-12-2023"]
[Site "Chess.com"]
[Date "2023.09.12"]
[Round "1"]
[White "WaybackBoy"]
[Black "schachlana"]
[Result "1-0"]
[WhiteElo "2702"]
[BlackElo "2370"]
[TimeControl "180+1"]
[EndTime "14:07:16 PDT"]
[Termination "WaybackBoy won by checkmate"]

1. d4 Nf6 2. c4 g6 3. g3 d6 4. Bg2 Bg7 5. Nc3 O-O 6. Nf3 c5 7. O-O cxd4 8. Nxd4 a6 9. h3 Qc7 10. b3 Nc6 11. Bb2 e5 12. Nc2 Be6 13. Ne3 Nd4 14. Ncd5 Nxd5 15. Nxd5 Bxd5 16. Bxd5 Rab8 17.
e3 Ne6 18. Rc1 Kh8 19. Qf3 Nc5 20. Rfd1 f5 21. b4 e4 22. Bxg7+ Qxg7 23. Qe2 Nd3 24. Rb1 Rbc8 25. a4 g5 26. Kh2 Ne5 27. c5 Nf3+ 28. Kg2 dxc5 29. bxc5 Rc7 30. Rb6 Rd8 31. Bxb7 Rf8 32.
Qxa6 f4 33. Bxe4 fxe3 34. Bxf3 Rcf7 35. Rb7 Qe5 36. Rxf7 Rxf7 37. Qa8+ Kg7 38. Qd5 Qb2 39. Qxg5+ Kf8 40. Rd8# 1-0

[Event "Late-Titled-Tuesday-Blitz-September-12-2023"]
[Site "Chess.com"]
[Date "2023.09.12"]
[Round "1"]
[White "cukus"]
[Black "cassoulet"]
[Result "0-1"]
[WhiteElo "2419"]
[BlackElo "2764"]
[TimeControl "180+1"]
[EndTime "14:07:17 PDT"]
[Termination "cassoulet won by checkmate"]

1. e4 c5 2. Nf3 Nc6 3. d4 cxd4 4. Nxd4 Nf6 5. Nc3 e6 6. Nxc6 bxc6 7. e5 Nd5 8. Ne4 Bb7 9. Be2 c5 10. O-O Qc7 11.
Nd6+ Bxd6 12. exd6 Qc6 13. Bf3 c4 14. Qd4 O-O 15. Bf4 f6 16. Bg3 Rfc8 17. Rad1 Qb6 18. Rfe1 Qxd4 19. Rxd4 c3 20. b3 Rab8 21. Ra4 a6 22.
Bxd5 Bxd5 23. Rxa6 Ra8 24. Rxa8 Rxa8 25. a4 Ra6 26.
Re3 Rc6 27. f3 Bxb3 28. Be1 Bxa4 29. Rxc3 Rxd6 30. Kf2 Kf7 31. Rc7 e5 32. Bb4 Rd4 33. c3 Rd2+ 34. Kg3 f5 35. c4 Rc2 36. Bd6 Ke6 37.
c5 f4+ 38. Kh3 Bb5 39. g3 g5 40. gxf4 exf4 41. Rc8 Bf1+ 42. Kg4 Rg2+ 43. Kh5 Be2 44.
Re8+ Kf7 45. Rf8+ Kg7 46. Re8 Bxf3# 0-1

[Event "Late-Titled-Tuesday-Blitz-September-12-2023"]
[Site "Chess.com"]
[Date "2023.09.12"]
[Round "1"]
[White "MelihKaanCan"]
[Black "Fandorine"]
[Result "0-1"]
[WhiteElo "2459"]
[BlackElo "2899"]
[TimeControl "180+1"]
[EndTime "14:07:18 PDT"]
[Termination "Fandorine won by resignation"]

1. Nf3 Nf6 2. c4 g6 3. Nc3 Bg7 4. g3 O-O 5. Bg2 d6 6. O-O c5 7. d4 Nc6 8. b3 Bg4 9. dxc5 dxc5 10. Bb2 Qc8 11. Qc1 Bh3 12. Rd1 Bxg2 13. Kxg2 b6 14.
Nd5 Qb7 15. Bxf6 Bxf6 16. Nxf6+ exf6 17. Qf4 f5 18. Kg1 Rfe8 19. Qh6 Rad8 20. Ng5 f6 21. Rxd8 Nxd8 22. Nh3 Rxe2 23. Nf4 Nf7 24. Qh4 Ng5 25.
Qh6 Rd2 26. Nd5 Rxd5 27. cxd5 Qxd5 28. h4 Nh3+ 29. Kh2 Nxf2 30. Qf4 Ng4+ 31. Kh3 Ne5 32. Re1 Kg7 33. h5 a5 34. h6+ Kf7 35. Rc1 Qe6 36.
Re1 g5 37. Qa4 f4+ 38. Kh2 Nf3+ 39. Kg2 Nxe1+ 0-1

[Event "Late-Titled-Tuesday-Blitz-September-12-2023"]
[Site "Chess.com"]
[Date "2023.09.12"]
[Round "1"]
[White "AsaHoffmann"]
[Black "stolencandy13"]
[Result "1-0"]
[WhiteElo "2335"]
[BlackElo "2609"]
[TimeControl "180+1"]
[EndTime "14:07:19 PDT"]
[Termination "AsaHoffmann won by checkmate"]

1. d4 Nf6 2. Bg5 Ne4 3. Bf4 d5 4. f3 Nf6 5. e4 c6 6. e5 Ng8 7.
Be3 Bf5 8. Bd3 Bxd3 9. Qxd3 e6 10. f4 Qb6 11. b3 c5 12. c3 Nc6 13. Nd2 Rc8 14. Ngf3 Nge7 15. O-O Nf5 16. Bf2 cxd4 17. cxd4 Ba3 18. Rab1 Nb4 19. Qe2 Rc2 20. g4 Ne7 21.
Rfd1 O-O 22. Ne1 Rxa2 23. Ra1 Rc8 24. Nd3 Rxa1 25. Rxa1 Nxd3 26. Rxa3 Rc1+ 27. Nf1 Nxf2 28. Qxf2 Ng6 29. f5 exf5 30. gxf5 Ne7 31. f6 gxf6 32. exf6 Ng6 33. b4 a6 34. Re3 Kf8 35.
h3 Qd6 36. h4 Qf4 37. Rf3 Qg4+ 38. Rg3 Qf4 39. Rf3 Qxh4 40. Qe3 Qg4+ 41. Rg3 Rxf1+ 42. Kxf1 Qf5+ 43. Rf3 Qb1+ 44. Qe1 Qxb4 45. Qxb4+ Ke8 46. Qd6 Nh4 47. Re3# 1-0

[Event "Late-Titled-Tuesday-Blitz-September-12-2023"]
[Site "Chess.com"]
[Date "2023.09.12"]
[Round "1"]
[White "DryCounty"]
[Black "Qvalda"]
[Result "1-0"]
[WhiteElo "2635"]
[BlackElo "2328"]
[TimeControl "180+1"]
[EndTime "14:07:21 PDT"]
[Termination "DryCounty won on time"]

1. e4 e6 2. d4 d5 3. exd5 exd5 4.
Nf3 Nf6 5. Bd3 Bd6 6. Qe2+ Qe7 7. Qxe7+ Kxe7 8. O-O Re8 9. Re1+ Kf8 10. Rxe8+ Kxe8 11. Nc3 c6 12. Bg5 Nbd7 13. Re1+ Kf8 14. Ne5 h6 15. Bf4 Bb4 16. a3 Bxc3 17. bxc3 Nb6 18. c4 Be6 19. c5 Nbd7 20. Rb1 Nxe5 21. Bxe5 b5 22. cxb6 axb6 23. Rxb6 Ne4 24. Rb8+ Rxb8 25. Bxb8 Nc3 26. Bd6+ Ke8 27. Bb4 Na4 28. f3 Bc8 29. Kf2 Nb2 30. Be2 g6 31. h4 h5 32. g4 hxg4 33. fxg4 f5 34. h5 fxg4 35. hxg6 Bf5 36. g7 Kf7 37. c3 Bh7 38.
Kg3 Kxg7 39. Kf4 Kf6 40. Bxg4 Bd3 41. Bd7 Bb5 42. Kg4 Na4 43. Kh5 Nb6 44. Bh3 Nc4 45. Kh6 Nb2 46. Kh7 Nd3 47. Kg8 Nxb4 48. cxb4 Ke7 49. Kg7 Ba4 50. Bf1 Kd6 51. Kf6 Bc2 52.
Kf7 Ba4 53. Bd3 Bb3 54. Ke8 1-0

[Event "Late-Titled-Tuesday-Blitz-September-12-2023"]
[Site "Chess.com"]
[Date "2023.09.12"]
[Round "1"]
[White "Bilan_Danila"]
[Black "Nekoo04"]
[Result "1-0"]
[WhiteElo "2560"]
[BlackElo "2264"]
[TimeControl "180+1"]
[EndTime "14:07:21 PDT"]
[Termination "Bilan_Danila won on time"]

1. d4 d5 2. Nf3 Nf6 3. c4 e6 4.
Nc3 c6 5. Bg5 Nbd7 6. cxd5 exd5 7. e3 Be7 8. Bd3 h6 9. Bh4 Nh5 10. Bxe7 Qxe7 11. O-O O-O 12. Rb1 a5 13. a3 Nhf6 14. b4 axb4 15. axb4 b5 16. Qc2 Re8 17.
Rfe1 Nb6 18. Ne5 Bd7 19. e4 Qd6 20. Nxd7 Nfxd7 21. e5 Qe7 22. f4 Reb8 23. f5 Nc4 24.
Bxc4 bxc4 25. b5 Qh4 26. Qf2 Qxf2+ 27. Kxf2 cxb5 28. Rxb5 Rxb5 29. Nxb5 Ra2+ 30. Re2 Ra5 31. Nc3 Nb6 32. Rb2 1-0

[Event "Late-Titled-Tuesday-Blitz-September-12-2023"]
[Site "Chess.com"]
[Date "2023.09.12"]
[Round "1"]
[White "AleksanderHnydiuk"]
[Black "Mariia89"]
[Result "1-0"]
[WhiteElo "2516"]
[BlackElo "2013"]
[TimeControl "180+1"]
[EndTime "14:07:22 PDT"]
[Termination "AleksanderHnydiuk won by resignation"]

1. d4 Nf6 2. c4 c5 3. Nf3 cxd4 4.
Nxd4 Nc6 5. g3 g6 6. Bg2 Bg7 7.
O-O O-O 8. Nc3 Nxd4 9. Qxd4 d6 10. Qh4 a6 11. Bh6 Qa5 12. Rfd1 Rb8 13. Bxg7 Kxg7 14.
Qd4 Kg8 15. a3 Qh5 16. Rac1 Bh3 17. Bxh3 Qxh3 18. Nd5 Rfe8 19. Nxf6+ exf6 20. e3 Re6 21. Qf4 Rd8 22. c5 d5 23. Qc7 Ree8 24. Qxb7 Rb8 25. Qxd5 Rxb2 26. c6 Re5 27. Qg2 Qc8 28. c7 Re8 29.
Qc6 Kg7 30. Qxe8 Qxe8 31. c8=Q Qe5 32. Qc3 Qb5 33. Rc2 Rb3 34. Qc4 Qb7 35. Qd5 Qb6 36. Rc7 Qxc7 37. Qxb3 h5 38. h4 g5 39. hxg5 fxg5 40.
Qd5 h4 41. Qxg5+ Kh7 42. Qxh4+ Kg7 43. Qg5+ 1-0